 Dungeon Crawl Stone Soup version 0.24-a0-778-g74da537585 (webtiles) character file.

Game seed: 3587275073450255201, levelgen mode: deterministic

85376 Kohma the Nimble (level 15, -14/118 HPs)
             Began as a Gnoll Wanderer on Oct 7, 2019.
             Was the Champion of Okawaru.
             Killed from afar by Azrael (33 damage)
             ... with damnation
             ... on level 14 of the Dungeon.
             The game lasted 01:34:05 (27895 turns).

Kohma the Nimble (Gnoll Wanderer)                  Turns: 27895, Time: 01:34:05

Health: -14/118    AC: 42    Str: 29    XL:     15   Next: 83%
Magic:  29/29      EV: 12    Int: 17    God:    Okawaru [******]
Gold:   1889       SH:  0    Dex: 17    Spells: 26/34 levels left

rFire    + . .     SeeInvis .   a - +9 arbalest of the Desert {velocity, +Blink +Fly MR+ Str+4}
rCold    . . .     Gourm    .   (shield currently unavailable)
rNeg     + + +     Faith    .   G - +13 crystal plate armour of the Hanged Man {*Contam rF+ Int+2 Dex+2}
rPois    .         Spirit   .   (no helmet)
rElec    .         Reflect  .   k - +2 cloak of the Lotus Blossom {-Cast +Fly rN+++}
rCorr    .         Harm     .   r - +2 pair of gloves {Str+3}
MR       ++...     NoCast   +   j - +1 pair of boots
Stlth    ..........             l - amulet of regeneration
HPRegen  0.69/turn              u - +2 ring of dexterity
MPRegen  0.21/turn              i - +3 ring of slaying

@: no status effects
A: distributed training, fangs 1, strong nose
a: Heroism, Finesse, Renounce Religion, Evoke Blink, Evoke Flight


You were on level 14 of the Dungeon.
You worshipped Okawaru.
Okawaru was exalted by your worship.
You were not hungry.

You visited 5 branches of the dungeon, and saw 24 of its levels.
You also visited: Sewer, Bailey and Ice Cave.

You collected 2310 gold pieces.
You spent 421 gold pieces at shops.

Inventory:

Hand Weapons
 a - the +9 arbalest of the Desert (weapon) {velocity, +Blink +Fly MR+ Str+4}
   (Okawaru gifted it to you on level 11 of the Dungeon)

   Any bolt fired from it inflicts extra damage.
   It affects your strength (+4).
   It affects your resistance to hostile enchantments.
   It lets you fly.
   It lets you blink.
 b - the +7 trident "Sappojasch" {protect, rC+ MR+ Str-2 Dex+4}
   (You found it on level 12 of the Dungeon)

   It grants its wielder temporary protection when it strikes (+7 to AC).
   It affects your strength (-2).
   It affects your dexterity (+4).
   It protects you from cold.
   It affects your resistance to hostile enchantments.
 E - a +6 antimagic triple sword
Missiles
 o - 80 bolts (quivered)
Armour
 j - a +1 pair of boots (worn)
 k - the +2 cloak of the Lotus Blossom (worn) {-Cast +Fly rN+++}
   (You acquired it on level 5 of the Lair of Beasts)

   It renders you almost immune to negative energy.
   It lets you fly.
   It prevents spellcasting.
 r - a +2 pair of gloves of strength (worn)
 s - a +2 large shield of protection
 G - the +13 crystal plate armour of the Hanged Man (worn) {*Contam rF+ Int+2 Dex+2}
   (Okawaru gifted it to you on level 13 of the Dungeon)

   It affects your intelligence (+2).
   It affects your dexterity (+2).
   It protects you from fire.
   It causes magical contamination when unequipped.
Jewellery
 i - a +3 ring of slaying (right hand)
 l - an amulet of regeneration (around neck)
 u - a +2 ring of dexterity (left hand)
 y - an uncursed ring of resist corrosion
Wands
 h - a wand of digging (5)
 w - a wand of disintegration (17)
 x - a wand of acid (10)
 C - a wand of paralysis (22)
 H - a wand of iceblast (11)
 J - a wand of polymorph (14)
 O - a wand of random effects (24)
 T - a wand of flame (32)
Scrolls
 f - 4 scrolls of remove curse
 g - a scroll of magic mapping
 m - 2 scrolls of fear
 p - a scroll of blinking
 q - 7 scrolls of teleportation
 z - a scroll of silence {unknown}
 D - 5 scrolls of fog
 K - 6 scrolls of identify
 P - 3 scrolls of amnesia
 Q - a scroll of brand weapon
 R - 3 scrolls of enchant weapon
 Y - a scroll of torment {unknown}
Potions
 c - 5 potions of might
 e - 2 potions of haste
 n - 5 potions of cancellation
 t - 21 potions of curing
 v - 3 potions of heal wounds
 A - 3 potions of flight
 B - 2 potions of mutation
 F - 2 potions of magic
 I - 3 potions of invisibility
 L - a potion of resistance
 M - 2 potions of ambrosia
 S - a potion of agility
 W - 4 potions of berserk rage
 X - 4 potions of brilliance
Comestibles
 d - 28 rations
 N - 11 chunks of flesh


   Skills:
 + Level 11.1 Fighting
 + Level 11.1 Short Blades
 + Level 11.1 Long Blades
 + Level 10.2 Axes
 + Level 10.2 Maces & Flails
 + Level 10.2 Polearms
 + Level 10.2 Staves
 + Level 10.2 Slings
 + Level 10.2 Bows
 + Level 10.2 Crossbows
 + Level 10.5 Throwing
 + Level 10.2 Armour
 + Level 11.1 Dodging
 + Level 10.2 Stealth
 + Level 10.5 Shields
 + Level 10.2 Unarmed Combat
 + Level 10.2 Spellcasting
 + Level 8.6 Conjurations
 + Level 8.6 Hexes
 + Level 8.6 Charms
 + Level 8.6 Summonings
 + Level 8.6 Necromancy
 + Level 8.6 Translocations
 + Level 8.6 Transmutations
 + Level 8.6 Fire Magic
 + Level 8.6 Ice Magic
 + Level 8.6 Air Magic
 + Level 8.6 Earth Magic
 + Level 8.6 Poison Magic
 + Level 11.0 Invocations
 + Level 10.2 Evocations


You had 26 spell levels left.
You knew the following spells:

 Your Spells              Type           Power        Failure   Level  Hunger
a - Swiftness             Chrm/Air       #####...     11%         2    None
b - Sticks to Snakes      Tmut           #####...     11%         2    None
c - Summon Lightning Spi  Summ/Air       #####...     56%         4    ###....

Your spell library contained the following spells:

 Spells                   Type           Power        Failure   Level  Hunger
 Beastly Appendage        Tmut           #####.       7%          1    None
 Flame Tongue             Conj/Fire      #####        7%          1    None
 Shock                    Conj/Air       ####         7%          1    None
 Summon Small Mammal      Summ           ####         7%          1    None
 Call Imp                 Summ           #####...     11%         2    None
 Throw Flame              Conj/Fire      #####.       11%         2    None
 Call Canine Familiar     Summ           #####...     21%         3    None
 Conjure Flame            Conj/Fire      #####...     21%         3    None
 Inner Flame              Hex/Fire       #####...     21%         3    None
 Spider Form              Tmut/Pois      #####.....   21%         3    None
 Static Discharge         Conj/Air       #####...     21%         3    None
 Summon Guardian Golem    Hex/Summ       #####...     21%         3    None
 Airstrike                Air            #####.....   56%         4    ###....
 Ice Form                 Ice/Tmut       #####...     56%         4    ###....
 Sticky Flame             Conj/Fire      #####...     56%         4    ###....
 Summon Ice Beast         Ice/Summ       #####...     56%         4    ###....
 Blade Hands              Tmut           #####.....   88%         5    #####..
 Fireball                 Conj/Fire      #####.....   88%         5    #####..
 Lightning Bolt           Conj/Air       #####.....   88%         5    #####..


Dungeon Overview and Level Annotations

Branches:
Dungeon (14/15)            Temple (1/1) D:4            Lair (6/6) D:9
  Swamp (0/4) Lair:4       Spider (0/4) Lair:4        Slime (1/5) Lair:6
    Orc (2/2) D:9             Elf (0/3) Orc:2        Vaults (0/5) D:13
  Sewer (visited)          Bailey (visited)           IceCv (visited)

Altars:
Ashenzari
Cheibriados
Dithmenos
Elyvilon
Fedhas
Gozag
Hepliaklqana
Kikubaaqudgha
Makhleb
Nemelex Xobeh
Okawaru
Qazlal
Ru
Sif Muna
Trog
Uskayaw
Vehumet
Wu Jian
Xom
Yredelemnul
Zin
The Shining One
Beogh

Shops:
D:10 [   D:13 }   Orc:2 [}!:*

Annotations:
D:7 3 runed translucent doors, kalosz4's ghost, novice GrFi
D:14 Azrael


Innate Abilities, Weirdness & Mutations

Your experience applies equally to all skills.
You have very sharp teeth.
Your uncanny sense of smell can sniff out nearby items.


Message History

Things that are here:
an uncursed staff of earth; a +2 robe of positive energy; 6 bolts The hell hound bites you.
* * * LOW HITPOINT WARNING * * *
2 yaks come into view.
The yak bellows!
You hear a horrible gurgling sound! x2
The hell hound breathes flames at you. The blast of flame hits you. You resist.
* * * LOW HITPOINT WARNING * * *
A troll comes into view.
A bullfrog comes into view.
The yak is engulfed in blazing flames.
A yak comes into view.
The hell hound breathes flames at you.
The blast of flame hits Azrael.
Azrael completely resists.
The blast of flame hits you but does no damage.
The yak is engulfed in blazing flames.
Azrael gestures at you.
The sphere of damnation explodes!
The damnation engulfs you!!
You die...

......
###########......
......(>..(......
Y.....#○#|#.....
.F.>Y.#h○## ###
.T..Y.#Y##
......Y○#
#.###.#R# #.##@#
#.# #.# ∆ ## #.#
####'######
#.........#
#.........#
#.........## #
####.#.)...#.#
#.#.......#


You could see Azrael, 3 yaks and a hell hound.

Vanquished Creatures
  Jorgrun (D:14)
  A stone giant (Orc:1)
  Nessos (D:13)
  Josephine (D:11)
  Harold (Orc:1)
  2 vault guards (D:13)
  2 two-headed ogres
  2 centaur warriors
  10 hydras
  3 catoblepae (Lair:6)
  7 death yaks (Lair:6)
  3 wizards (D:13)
  An unseen horror (D:13)
  A necromancer (IceCv)
  6 oklob plants (Lair:6)
  10 orc knights
  2 orc sorcerers (Orc:1)
  2 ugly things (D:12)
  2 manticores (Lair:6)
  2 ice statues (IceCv)
  6 elephants (Lair:4)
  3 black mambas
  Joseph (Lair:1)
  5 spiny frogs
  A torpor snail (Lair:3)
  3 rime drakes
  2 kobold demonologists (D:13)
  12 komodo dragons
  10 ice devils (IceCv)
  An efreet (D:13)
  A harpy zombie (D:11)
  4 polar bears
  5 trolls
  4 tyrant leeches (Lair:2)
  2 hippogriffs
  A hornet (Lair:4)
  18 blink frogs
  2 dream sheep (D:8)
  A shadow (D:12)
  5 wyverns
  5 wraiths (D:11)
  55 yaks
  19 humans (D:13)
  A basilisk (Lair:6)
  Grum (D:11)
  2 hungry ghosts
  8 wargs
  A soldier ant (D:13)
  6 swamp worms (Lair:2)
  A swamp drake (Lair:4)
  8 porcupines
  11 water moccasins
  54 orc warriors
  2 sky beasts
  2 black bears
  A phantom (D:9)
  An ice beast (D:8)
  An eye of draining (D:11)
  19 wolves
  11 centaurs
  12 ogres
  12 crocodiles
  7 big kobolds
  Blork the orc (D:5)
  16 bullfrogs
  A gnoll sergeant (D:9)
  13 scorpions
  6 killer bees (D:8)
  3 wights (D:12)
  5 howler monkeys
  An electric eel (D:13)
  5 crimson imps
  3 quasits
  A centaur zombie (D:12)
  A bullfrog zombie (D:7)
  12 orc priests
  3 centaur skeletons
  A jelly (D:12)
  3 bullfrog skeletons
  7 hounds
  5 iguanas
  Terence (D:3)
  2 spriggan simulacra (IceCv)
  17 orc wizards
  2 hell rats
  7 worker ants
  3 troll simulacra (IceCv)
  2 centaur simulacra (IceCv)
  A hound skeleton (D:5)
  8 gnolls
  9 adders
  3 naga simulacra (IceCv)
  6 shadow imps
  3 oozes
  An adder skeleton (D:8)
  3 worms
  2 dart slugs
  4 leopard geckos
  112 orcs
  6 giant cockroaches
  2 gnoll zombies (D:3)
  8 goblins
  7 hobgoblins
  5 jackals
  27 kobolds
  6 quokkas
  A ball python (D:1)
  8 bats
  7 frilled lizards
  A quokka zombie (D:5)
  17 rats
  A fungus (Lair:6)
756 creatures vanquished.

Vanquished Creatures (collateral kills)
  3 blink frogs (Lair:2)
  A water moccasin (Lair:2)
  2 wolves (Lair:2)
  2 hell rats (Lair:2)
8 creatures vanquished.

Vanquished Creatures (others)
  A crimson imp (D:14)
  2 orcs
  3 fungi
  15 plants
21 creatures vanquished.

Grand Total: 785 creatures vanquished

Notes
Turn   | Place    | Note
-------+----------+-------------------------------------------
     0 | D:1      | Kohma the Gnoll Wanderer began the quest for the Orb.
     0 | D:1      | Kohma set off with the following items: a +2 falchion, 2
                  | potions of curing, a +0 robe, a ration
     0 | D:1      | Reached XP level 1. HP: 20/20 MP: 1/1
   177 | D:1      | Reached XP level 2. HP: 17/26 MP: 2/2
   746 | D:1      | Reached XP level 3. HP: 31/31 MP: 3/3
  1566 | D:2      | Reached skill level 1 in Invocations
  1675 | D:2      | Found a sparkling altar of Nemelex Xobeh.
  1714 | D:2      | Found a sacrificial altar of Ru.
  1714 | D:2      | Found a blossoming altar of Fedhas.
  1799 | D:2      | Reached skill level 1 in Axes
  1799 | D:2      | Reached skill level 1 in Maces & Flails
  1799 | D:2      | Reached skill level 1 in Polearms
  1799 | D:2      | Reached skill level 1 in Staves
  1799 | D:2      | Reached skill level 1 in Slings
  1799 | D:2      | Reached skill level 1 in Bows
  1799 | D:2      | Reached skill level 1 in Crossbows
  1799 | D:2      | Reached skill level 1 in Armour
  1799 | D:2      | Reached skill level 1 in Stealth
  1799 | D:2      | Reached skill level 1 in Unarmed Combat
  1799 | D:2      | Reached skill level 1 in Spellcasting
  1799 | D:2      | Reached skill level 1 in Evocations
  1950 | D:2      | Reached XP level 4. HP: 34/38 MP: 5/5
  2334 | D:3      | Reached skill level 1 in Conjurations
  2334 | D:3      | Reached skill level 1 in Hexes
  2334 | D:3      | Reached skill level 1 in Charms
  2334 | D:3      | Reached skill level 1 in Summonings
  2334 | D:3      | Reached skill level 1 in Necromancy
  2334 | D:3      | Reached skill level 1 in Translocations
  2334 | D:3      | Reached skill level 1 in Transmutations
  2334 | D:3      | Reached skill level 1 in Fire Magic
  2334 | D:3      | Reached skill level 1 in Ice Magic
  2334 | D:3      | Reached skill level 1 in Air Magic
  2334 | D:3      | Reached skill level 1 in Earth Magic
  2334 | D:3      | Reached skill level 1 in Poison Magic
  2415 | D:3      | Found a burning altar of Makhleb.
  2613 | D:3      | Found a basalt altar of Yredelemnul.
  2680 | D:3      | Reached XP level 5. HP: 41/43 MP: 6/6
  3145 | D:3      | Found a shimmering blue altar of Sif Muna.
  3201 | D:3      | Noticed Terence
  3202 | D:3      | Killed Terence
  3546 | D:3      | Found a glowing golden altar of the Shining One.
  3655 | D:4      | Reached XP level 6. HP: 16/50 MP: 8/8
  3959 | D:4      | Found a staircase to the Ecumenical Temple.
  4005 | Temple   | Entered the Ecumenical Temple
  4013 | Temple   | Became a worshipper of Warmaster Okawaru
  4407 | D:5      | Entered Level 5 of the Dungeon
  4716 | D:5      | Reached skill level 5 in Fighting
  4716 | D:5      | Reached skill level 5 in Short Blades
  4716 | D:5      | Reached skill level 5 in Long Blades
  4716 | D:5      | Reached skill level 5 in Dodging
  4960 | D:5      | Reached XP level 7. HP: 44/56 MP: 10/10
  5237 | D:5      | Noticed Blork the orc
  5256 | D:5      | Killed Blork the orc
  5256 | D:5      | Reached * piety under Okawaru
  5468 | D:6      | Reached XP level 8. HP: 57/63 MP: 12/12
  5479 | D:6      | Found a hazy altar of Hepliaklqana.
  5503 | D:6      | Found a white marble altar of Elyvilon.
  5624 | D:6      | Found a glowing drain.
  5628 | Sewer    | Entered a sewer
  5740 | Sewer    | Found a white marble altar of Elyvilon.
  5867 | D:6      | Reached ** piety under Okawaru
  6094 | D:6      | Found a shadowy altar of Dithmenos.
  6158 | D:6      | Found a blossoming altar of Fedhas.
  6441 | D:7      | Noticed kalosz4's ghost (novice GrFi)
  6446 | D:7      | Found a runed translucent gate.
  6446 | D:7      | Found a runed translucent gate.
  6448 | D:7      | Found a runed translucent gate.
  6605 | D:7      | Reached XP level 9. HP: 66/69 MP: 14/14
  7128 | D:6      | Reached *** piety under Okawaru
  7784 | D:7      | Reached skill level 5 in Throwing
  7784 | D:7      | Reached skill level 5 in Shields
  8517 | D:8      | Found an ornate altar of the Wu Jian Council.
  8591 | D:8      | Reached skill level 5 in Invocations
  8906 | D:8      | Reached **** piety under Okawaru
  8916 | D:8      | Received a gift from Okawaru
  8916 | D:8      | Reached XP level 10. HP: 50/77 MP: 17/17
  9188 | D:8      | Noticed a two-headed hydra
  9200 | D:8      | Killed a three-headed hydra
  9200 | D:8      | Reached skill level 5 in Axes
  9200 | D:8      | Reached skill level 5 in Maces & Flails
  9200 | D:8      | Reached skill level 5 in Polearms
  9200 | D:8      | Reached skill level 5 in Staves
  9200 | D:8      | Reached skill level 5 in Slings
  9200 | D:8      | Reached skill level 5 in Bows
  9200 | D:8      | Reached skill level 5 in Crossbows
  9200 | D:8      | Reached skill level 5 in Armour
  9200 | D:8      | Reached skill level 5 in Stealth
  9200 | D:8      | Reached skill level 5 in Unarmed Combat
  9200 | D:8      | Reached skill level 5 in Spellcasting
  9200 | D:8      | Reached skill level 5 in Evocations
 10897 | D:9      | Received a gift from Okawaru
 10937 | D:9      | Reached ***** piety under Okawaru
 10962 | D:9      | Reached XP level 11. HP: 32/84 MP: 11/19
 11227 | D:9      | Found a staircase to the Lair.
 11292 | D:9      | Found a staircase to the Orcish Mines.
 11315 | D:9      | Found a glowing silver altar of Zin.
 11316 | D:9      | Found an opulent altar of Gozag.
 11633 | D:10     | Entered Level 10 of the Dungeon
 11853 | D:10     | Reached skill level 5 in Conjurations
 11853 | D:10     | Reached skill level 5 in Hexes
 11853 | D:10     | Reached skill level 5 in Charms
 11853 | D:10     | Reached skill level 5 in Summonings
 11853 | D:10     | Reached skill level 5 in Necromancy
 11853 | D:10     | Reached skill level 5 in Translocations
 11853 | D:10     | Reached skill level 5 in Transmutations
 11853 | D:10     | Reached skill level 5 in Fire Magic
 11853 | D:10     | Reached skill level 5 in Ice Magic
 11853 | D:10     | Reached skill level 5 in Air Magic
 11853 | D:10     | Reached skill level 5 in Earth Magic
 11853 | D:10     | Reached skill level 5 in Poison Magic
 12058 | D:10     | Found Epiucil's Armour Emporium.
 12064 | D:10     | Bought a +2 pair of gloves for 280 gold pieces
 12310 | D:10     | Learned a level 2 spell: Swiftness
 12313 | D:10     | Learned a level 2 spell: Sticks to Snakes
 12636 | D:11     | Received a gift from Okawaru
 12715 | D:11     | Noticed Josephine
 12732 | D:11     | HP: 4/85 [poisoned by Josephine]
 13268 | D:11     | Received a gift from Okawaru
 13319 | D:11     | Noticed Grum
 13340 | D:11     | Killed Grum
 13599 | D:11     | Received a gift from Okawaru
 13600 | D:11     | Got an ichor-stained hand crossbow {god gift}
 13602 | D:11     | Identified the +7 hand crossbow of Power {flame, rC- MR+
                  | Int+4 Stlth+} (Okawaru gifted it to you on level 11 of the
                  | Dungeon)
 13803 | D:11     | Noticed a seven-headed hydra
 13810 | D:11     | Killed a seven-headed hydra
 13878 | D:11     | Noticed a centaur warrior
 13893 | D:11     | Killed a centaur warrior
 13899 | D:11     | Reached XP level 12. HP: 32/93 MP: 12/22
 13956 | D:11     | Killed Josephine
 13956 | D:11     | Reached ****** piety under Okawaru
 13956 | D:11     | Received a gift from Okawaru
 13988 | D:11     | Got a crystal arbalest {god gift}
 13994 | D:11     | Identified the +9 arbalest of the Desert {velocity, +Blink
                  | +Fly MR+ Str+4} (Okawaru gifted it to you on level 11 of
                  | the Dungeon)
 14704 | D:12     | Got a fine trident
 14707 | D:12     | Identified the +7 trident "Sappojasch" {protect, rC+ MR+
                  | Str-2 Dex+4} (You found it on level 12 of the Dungeon)
 14769 | D:12     | Noticed a two-headed ogre
 14773 | D:12     | Killed a two-headed ogre
 14844 | D:12     | Received a gift from Okawaru
 14993 | D:12     | Found a flagged portal.
 15002 | Bailey   | Entered a bailey
 15257 | Bailey   | Received a gift from Okawaru
 15408 | Bailey   | Got jacinth-studded fire dragon scales
 15419 | Bailey   | Identified the cursed +1 fire dragon scales of
                  | Fortification {rF++ rC- Str-3 Dex+3 SInv Stlth+} (You found
                  | it in a bailey)
 16151 | D:13     | Found Hasmacs's Gadget Shoppe.
 16198 | D:13     | Noticed a seven-headed hydra
 16202 | D:13     | Killed a seven-headed hydra
 16245 | D:13     | Received a gift from Okawaru
 16250 | D:13     | Reached XP level 13. HP: 101/101 MP: 24/24
 16377 | D:13     | Found a gate to the Vaults.
 16377 | D:13     | Noticed a vault guard
 16377 | D:13     | Noticed a vault guard
 16403 | D:13     | Killed a vault guard
 16420 | D:13     | Killed a vault guard
 16495 | D:13     | Learned a level 4 spell: Summon Lightning Spire
 16659 | D:13     | Got a slimy quarterstaff
 17003 | D:13     | Noticed Nessos
 17009 | D:13     | Killed Nessos
 17009 | D:13     | Received a gift from Okawaru
 17010 | D:13     | Got a pitted crystal plate armour {god gift}
 17021 | D:13     | Identified the +13 crystal plate armour of the Hanged Man
                  | {*Contam rF+ Int+2 Dex+2} (Okawaru gifted it to you on
                  | level 13 of the Dungeon)
 17557 | Lair:1   | Entered Level 1 of the Lair of Beasts
 17870 | Lair:1   | Noticed Joseph
 17872 | Lair:1   | Killed Joseph
 18799 | Lair:2   | Reached XP level 14. HP: 106/109 MP: 26/26
 18852 | Lair:2   | Identified the cursed +0 quarterstaff of Due Proportion
                  | {venom, MP+9 Stlth+} (You found it on level 13 of the
                  | Dungeon)
 19660 | Lair:2   | Reached skill level 10 in Fighting
 19660 | Lair:2   | Reached skill level 10 in Short Blades
 19660 | Lair:2   | Reached skill level 10 in Long Blades
 19660 | Lair:2   | Reached skill level 10 in Dodging
 20162 | Lair:3   | Received a gift from Okawaru
 20189 | Lair:3   | Found a sacrificial altar of Ru.
 20978 | Lair:4   | Found a hole to the Spider Nest.
 21007 | Lair:4   | Found a staircase to the Swamp.
 21246 | Lair:4   | Reached skill level 10 in Invocations
 22671 | Lair:5   | Identified 2 scrolls of acquirement
 22678 | Lair:5   | Got a distressingly furry cloak
 22689 | Lair:5   | Identified the +2 cloak of the Lotus Blossom {-Cast +Fly
                  | rN+++} (You acquired it on level 5 of the Lair of Beasts)
 22752 | Lair:6   | Entered Level 6 of the Lair of Beasts
 23086 | Lair:6   | Received a gift from Okawaru
 23209 | Lair:6   | Received a gift from Okawaru
 23262 | Lair:6   | Found a staircase to the Slime Pits.
 23421 | Lair:6   | Reached XP level 15. HP: 117/117 MP: 28/28
 23443 | Slime:1  | Entered Level 1 of the Pits of Slime
 23443 | Slime:1  | Noticed an acid blob
 23796 | Lair:6   | Received a gift from Okawaru
 23814 | Lair:6   | Reached skill level 10 in Throwing
 23814 | Lair:6   | Reached skill level 10 in Shields
 23817 | Lair:6   | Got a fine dagger {god gift}
 23818 | Lair:6   | Identified the +10 dagger of Courage {venom, Dex+2}
                  | (Okawaru gifted it to you on level 6 of the Lair of Beasts)
 24527 | Orc:1    | Entered Level 1 of the Orcish Mines
 24549 | Orc:1    | Found a frozen archway.
 24585 | IceCv    | Entered an ice cave
 24753 | IceCv    | Received a gift from Okawaru
 25348 | Orc:1    | Noticed Harold
 25380 | Orc:1    | Received a gift from Okawaru
 25384 | Orc:1    | Killed Harold
 25583 | Orc:2    | Entered Level 2 of the Orcish Mines
 25610 | Orc:2    | Reached skill level 10 in Axes
 25610 | Orc:2    | Reached skill level 10 in Maces & Flails
 25610 | Orc:2    | Reached skill level 10 in Polearms
 25610 | Orc:2    | Reached skill level 10 in Staves
 25610 | Orc:2    | Reached skill level 10 in Slings
 25610 | Orc:2    | Reached skill level 10 in Bows
 25610 | Orc:2    | Reached skill level 10 in Crossbows
 25610 | Orc:2    | Reached skill level 10 in Armour
 25610 | Orc:2    | Reached skill level 10 in Stealth
 25610 | Orc:2    | Reached skill level 10 in Unarmed Combat
 25610 | Orc:2    | Reached skill level 10 in Spellcasting
 25610 | Orc:2    | Reached skill level 10 in Evocations
 25926 | Orc:2    | Found Qauts's Book Shoppe.
 25926 | Orc:2    | Found Pybeatoc's Distillery.
 25958 | Orc:2    | Bought a potion of lignification for 36 gold pieces
 25958 | Orc:2    | Bought a potion of heal wounds for 60 gold pieces
 25974 | Orc:2    | Found Kuimir's General Store.
 26127 | Orc:2    | Found Guopoig's Gadget Shoppe.
 26127 | Orc:2    | Found Kierau Lysaq's Antique Armour Shop.
 26165 | Orc:2    | Found a staircase to the Elven Halls.
 26398 | Orc:2    | Found a bloodstained altar of Trog.
 26420 | Orc:2    | Bought a scroll of magic mapping for 45 gold pieces
 26517 | Orc:2    | Found a roughly hewn altar of Beogh.
 27871 | D:14     | Noticed Jorgrun
 27882 | D:14     | Noticed Azrael
 27887 | D:14     | Killed Jorgrun
 27895 | D:14     | Killed from afar by Azrael

Levels and vault maps discovered:
D:1:      onia_arrival_mini_spirals, layout_basic, minmay_vboxes
D:2:      layout_loops_ring, nemelex_xobeh_ov_fountains_minmay,
          gammafunk_temple_overflow_wave, first_ration
D:3:      layout_loops_corners, overflow_temple_1_default,
          lemuel_coloured_pillars_altar, lemuel_zombie_altar_yredelemnul,
          old_standard_altar, minmay_ruptured, uniq_terence
D:4:      layout_basic, minmay_temple_entry_statues_pillars
D:5:      kennysheep_six_static_rooms, layout_basic, grunt_decor_one_mirror,
          uniq_blork_the_orc
D:6:      layout_rooms, elyvilon_altar_5, nicolae_dithmenos_the_darkroom,
          kennysheep_mini_moat, gup_sewer_entry_spiral, fedhas_altar_2
D:7:      lemuel_upstairs_altar, layout_basic, gammafunk_ghost_split,
          minmay_misc_feat_tower
D:8:      layout_basic, lemuel_round_altar, hangedman_ranch
          [blue_anna_fruit_fields], wad_dig_loot
D:9:      layout_basic, grunt_temple_overflow_gold_and_silver,
          grunt_lair_entry_orc_guard_hut, orc_0_dummy
D:10:     layout_roguey, special_room [special_room_orc], serial_shops,
          kennysheep_little_box, st_stairs_14
D:11:     layout_stronghold, patterned_corridor, uniq_grum, uniq_josephine
D:12:     layout_loops_corners, enter_bailey_6, minmay_misc_feat_doors,
          minmay_circle_x
D:13:     layout_irregular_city, grunt_vaults_entry_tiered, serial_shops, shop,
          gauntlet_entry_generic, minivault_23, lightli_minifort, uniq_nessos
D:14:     layout_basic, uniq_azrael, uniq_jorgrun
Temple:   dpeg_three_leaves_temple
Lair:1:   layout_small_grid, st_stairs_6, uniq_joseph
Lair:2:   layout_gridlike, worms_lemuel
Lair:3:   layout_cave_pods, basic_altar, grunt_megastairs_3
Lair:4:   layout_small_grid, minmay_swamp_entry_reptiles,
          nicolae_spider_entry_non_spiders, grunt_megastairs_1
Lair:5:   layout_cave_pods, minivault_19
Lair:6:   evilmike_catoblepas_cave, layout_regular_city,
          minmay_slime_entry_oklob_open, serial_bayou_pond_e
Slime:1:  layout_caves
Orc:1:    layout_caves, portal_ice_cave_entry_animals_and_master, uniq_harold
Orc:2:    st_orc_town, layout_caves, serial_shops, shop, bloody_trog

Skill      XL: |  1  2  3  4  5  6  7  8  9 10 11 12 13 14 15 |
---------------+----------------------------------------------+-----
Invocations    | 1 2 3 4 5 6 7 8 9 10 11 | 11.0
Axes           | 1 2 3 4 5 6 7 8 9 10 | 10.2
Maces & Flails | 1 2 3 4 5 6 7 8 9 10 | 10.2
Polearms       | 1 2 3 4 5 6 7 8 9 10 | 10.2
Staves         | 1 2 3 4 5 6 7 8 9 10 | 10.2
Slings         | 1 2 3 4 5 6 7 8 9 10 | 10.2
Bows           | 1 2 3 4 5 6 7 8 9 10 | 10.2
Crossbows      | 1 2 3 4 5 6 7 8 9 10 | 10.2
Armour         | 1 2 3 4 5 6 7 8 9 10 | 10.2
Stealth        | 1 2 3 4 5 6 7 8 9 10 | 10.2
Unarmed Combat | 1 2 3 4 5 6 7 8 9 10 | 10.2
Spellcasting   | 1 2 3 4 5 6 7 8 9 10 | 10.2
Evocations     | 1 2 3 4 5 6 7 8 9 10 | 10.2
Conjurations   | 1 2 3 4 5 6 7 8 |  8.6
Hexes          | 1 2 3 4 5 6 7 8 |  8.6
Charms         | 1 2 3 4 5 6 7 8 |  8.6
Summonings     | 1 2 3 4 5 6 7 8 |  8.6
Necromancy     | 1 2 3 4 5 6 7 8 |  8.6
Translocations | 1 2 3 4 5 6 7 8 |  8.6
Transmutations | 1 2 3 4 5 6 7 8 |  8.6
Fire Magic     | 1 2 3 4 5 6 7 8 |  8.6
Ice Magic      | 1 2 3 4 5 6 7 8 |  8.6
Air Magic      | 1 2 3 4 5 6 7 8 |  8.6
Earth Magic    | 1 2 3 4 5 6 7 8 |  8.6
Poison Magic   | 1 2 3 4 5 6 7 8 |  8.6
Throwing       | 3 4 5 6 7 8 9 10 | 10.5
Shields        | 3 4 5 6 7 8 9 10 | 10.5
Fighting       | 5 6 7 8 9 10 11 | 11.1
Short Blades   | 5 6 7 8 9 10 11 | 11.1
Long Blades    | 5 6 7 8 9 10 11 | 11.1
Dodging        | 5 6 7 8 9 10 11 | 11.1

Action                   |  1- 3 |  4- 6 |  7- 9 | 10-12 | 13-15 || total
-------------------------+-------+-------+-------+-------+-------++-------
Melee: Falchion          |    64 |   179 |   467 |    79 |       ||   789
       Bite              |     7 |    21 |    73 |    61 |    34 ||   196
       Punch             |       |     3 |     2 |     1 |     7 ||    13
       Rapier            |       |       |       |   419 |       ||   419
       Scimitar          |       |       |       |     8 |       ||     8
       Trident           |       |       |       |       |   138 ||   138
 Fire: Hand crossbow     |       |       |     4 |    70 |       ||    74
       Arbalest          |       |       |       |   162 |   908 ||  1070
Throw: Dart              |    47 |    22 |     5 |    23 |       ||    97
Invok: Heroism           |       |       |     1 |     1 |       ||     2
Evoke: Wand              |       |     3 |       |     4 |     1 ||     8
       Box of beasts     |       |       |       |       |     3 ||     3
  Use: Scroll            |       |    11 |     2 |    14 |    17 ||    44
       Potion            |       |     1 |     1 |     5 |       ||     7
 Stab: Sleeping          |     1 |       |     1 |     9 |       ||    11
  Eat: Chunk             |     3 |    10 |    10 |    22 |    29 ||    74
       Ration            |       |       |     2 |     1 |     2 ||     5
Armor: Robe              |     6 |       |       |       |       ||     6
       Ring mail         |     4 |    32 |       |       |       ||    36
       Scale mail        |       |    52 |   203 |   203 |       ||   458
       Fire dragon scale |       |       |       |    14 |    96 ||   110
       Crystal plate arm |       |       |       |       |   799 ||   799
Dodge: Dodged            |    44 |   104 |   262 |   319 |   630 ||  1359
Block: Buckler           |       |       |    72 |   115 |       ||   187
       Rpst.: Falchion   |    14 |    22 |    61 |    13 |       ||   110
       Scimitar          |       |       |       |     4 |       ||     4

Table legend:
 A = Non-vault XP
 B = Vault XP
 C = Vault XP percentage of total XP
 D = Non-vault monster count
 E = Vault monster count
 F = Vault count percentage of total count
                 A         B        C        D         E       F
            +---------+---------+-------+---------+---------+-------
      Total |   63792 |   58175 |  47.7 |     474 |     289 |  37.9
            +---------+---------+-------+---------+---------+-------
        D:1 |      43 |      10 |  18.9 |      23 |       6 |  20.7
        D:2 |      30 |       0 |   0.0 |      13 |       0 |   0.0
        D:3 |     146 |      45 |  23.6 |      24 |       6 |  20.0
        D:4 |     107 |       0 |   0.0 |       7 |       0 |   0.0
        D:5 |     416 |     238 |  36.4 |      16 |       6 |  27.3
        D:6 |     959 |      23 |   2.3 |      19 |       7 |  26.9
        D:7 |    1278 |     393 |  23.5 |      29 |       2 |   6.5
        D:8 |    1389 |    1861 |  57.3 |      20 |       8 |  28.6
        D:9 |    2404 |     593 |  19.8 |      21 |       5 |  19.2
       D:10 |    2158 |     487 |  18.4 |      20 |      24 |  54.5
       D:11 |    5892 |    2766 |  31.9 |      49 |      11 |  18.3
       D:12 |    5205 |     671 |  11.4 |      29 |       5 |  14.7
       D:13 |    6268 |   10442 |  62.5 |      27 |      31 |  53.4
       D:14 |     339 |    2986 |  89.8 |      10 |       1 |   9.1
     Lair:1 |    3634 |     430 |  10.6 |       9 |       1 |  10.0
     Lair:2 |    7045 |    2533 |  26.4 |      32 |      14 |  30.4
     Lair:3 |    2730 |     531 |  16.3 |      16 |       2 |  11.1
     Lair:4 |    7524 |    1815 |  19.4 |      26 |      15 |  36.6
     Lair:5 |    2758 |       0 |   0.0 |       9 |       0 |   0.0
     Lair:6 |    6145 |   14805 |  70.7 |      23 |      28 |  54.9
      Orc:1 |    5618 |    3838 |  40.6 |      33 |      17 |  34.0
      Orc:2 |    1704 |    5813 |  77.3 |      19 |      47 |  71.2
      Sewer |       0 |     111 | 100.0 |       0 |      12 | 100.0
     Bailey |       0 |    2555 | 100.0 |       0 |      18 | 100.0
      IceCv |       0 |    5229 | 100.0 |       0 |      23 | 100.0
            +---------+---------+-------+---------+---------+-------
